 Dungeon Crawl Stone Soup version 0.24-a0-114-g5d539f0 (console) character file.

Game seed: 10395089927598032355

12030 Duffy the Fighter (level 11, -4/103 HPs)
             Began as a Naga Summoner on Feb 15, 2019.
             Was an Elder of Sif Muna.
             Slain by a porcupine (12 damage)
             ... on level 3 of the Lair of Beasts.
             The game lasted 00:26:26 (18348 turns).

Duffy the Fighter (Naga Summoner)                  Turns: 18348, Time: 00:26:27

Health: -4/103     AC: 15    Str: 12    XL:     11   Next: 87%
Magic:  1/21       EV: 12    Int: 25    God:    Sif Muna [****..]
Gold:   650        SH:  4    Dex: 11    Spells: 6/24 levels left

rFire    . . .     SeeInvis +   a - +6 dagger (elec)
rCold    . . .     Gourm    .   f - +0 buckler
rNeg     . . .     Faith    .   r - +3 ring mail
rPois    +         Spirit   .   O - +1 helmet {Int+3}
rElec    .         Reflect  .   x - +2 cloak {+Inv}
rCorr    .         Harm     .   U - +0 pair of gloves
MR       +....                  (no barding)
Stlth    +.........             s - amulet of rage
HPRegen  0.27/turn              V - +2 ring of evasion
MPRegen  0.17/turn              T - +4 ring of intelligence

@: divine energy, very slow
A: large, see invisible, deformed body, poison resistance, slowness 2, slow
metabolism 1, spit poison 1, AC +3
a: Spit Poison, Stop Divine Energy, Channel Magic, Forget Spell, Renounce
Religion, Evoke Berserk Rage, Evoke Invisibility


You were on level 3 of the Lair of Beasts.
You worshipped Sif Muna.
Sif Muna was greatly pleased with you.
You were very hungry.

You visited 3 branches of the dungeon, and saw 14 of its levels.

You collected 727 gold pieces.
You spent 77 gold pieces at shops.

Inventory:

Hand Weapons
 a - a +6 dagger of electrocution (weapon)
 b - a +4 spear
Armour
 f - a +0 buckler (worn)
 r - a +3 ring mail (worn)
 x - a +2 cloak of invisibility (worn)
 A - a +2 leather armour of fire resistance
 J - a +1 ring mail of cold resistance
 N - a +1 cloak of magic resistance
 O - a +1 helmet of intelligence (worn)
 P - a +0 troll leather armour
 U - a +0 pair of gloves (worn)
Jewellery
 s - an amulet of rage (around neck)
 I - the ring "Raedihej" {rElec Str+4 Dex-2 SInv}
   (You found it on level 8 of the Dungeon)

   [ring of strength]

   It affects your strength (+4).
   It affects your dexterity (-2).
   It insulates you from electricity.
   It lets you see invisible.
 Q - an uncursed ring of protection from cold
 T - a +4 ring of intelligence (right hand)
 V - a +2 ring of evasion (left hand)
Wands
 q - a wand of acid (3)
 w - a wand of iceblast (9)
 F - a wand of enslavement (2)
 G - a wand of flame (30)
 H - a wand of disintegration (25)
 W - a wand of polymorph (11)
Scrolls
 d - 3 scrolls of magic mapping
 h - 4 scrolls of remove curse
 i - 2 scrolls of enchant weapon
 j - 3 scrolls of immolation
 o - 4 scrolls of amnesia
 y - a scroll of holy word {unknown}
 z - 2 scrolls of teleportation
 D - a scroll of fog {unknown}
 E - a scroll of random uselessness {unknown}
 K - a scroll of enchant armour {unknown}
 L - a scroll of noise {unknown}
 M - a scroll of vulnerability {unknown}
 R - a scroll of blinking {unknown}
Potions
 e - 3 potions of magic {unknown}
 g - a potion of degeneration {unknown}
 k - 4 potions of haste {unknown}
 l - 9 potions of curing {unknown}
 m - a potion of brilliance {unknown}
 n - 3 potions of berserk rage {unknown}
 p - 4 potions of lignification
 t - 3 potions of might
 u - a potion of invisibility
 v - a potion of resistance
 B - 3 potions of flight
 C - 3 potions of agility
 S - a potion of mutation
Comestibles
 c - 21 rations
 X - 2 chunks of flesh


   Skills:
 - Level 8.0 Fighting
 - Level 2.0 Polearms
 - Level 5.0 Dodging
 - Level 3.0 Stealth
 - Level 2.4 Shields
 - Level 7.0 Spellcasting
 - Level 7.0 Summonings
 + Level 4.6 Ice Magic
 - Level 7.0 Air Magic
 - Level 4.5 Poison Magic
 + Level 5.1 Invocations
 - Level 6.0 Evocations


You had 6 spell levels left.
You knew the following spells:

 Your Spells              Type           Power        Failure   Level  Hunger
h - Call Canine Familiar  Summ           #####...     2%          3    None
j - Call Imp              Summ           #####...     1%          2    None
k - Summon Small Mammal   Summ           ####         1%          1    None
l - Summon Lightning Spi  Summ/Air       #####...     9%          4    ###....
o - Mephitic Cloud        Conj/Pois/Air  ####....     10%         3    None
u - Summon Butterflies    Summ           #####...     1%          1    None
y - Summon Ice Beast      Ice/Summ       #####...     14%         4    ###....

Your spell library contained the following spells:

 Spells                   Type           Power        Failure   Level  Hunger
 Summon Guardian Golem    Hex/Summ       ####....     11%         3    None
 Apportation              Tloc           #.....       16%         1    None
 Magic Dart               Conj           #...         16%         1    None
 Blink                    Tloc           N/A          22%         2    None
 Searing Ray              Conj           #.....       22%         2    None
 Slow                     Hex            #.......     22%         2    None
 Conjure Flame            Conj/Fire      #.......     41%         3    None
 Dazzling Spray           Conj/Hex       #.....       41%         3    None
 Lesser Beckoning         Tloc           #.........   41%         3    None
 Tukima's Dance           Hex            #.......     41%         3    None
 Force Lance              Conj/Tloc      #.......     83%         4    ###....
 Fulminant Prism          Conj/Hex       #.........   83%         4    ###....
 Iskenderun's Mystic Bla  Conj           #.......     83%         4    ###....
 Alistair's Intoxication  Tmut/Pois      ###.....     86%         5    #####..
 Invisibility             Hex            #.......     100%        6    ######.


Dungeon Overview and Level Annotations

Branches:
Dungeon (10/15)            Temple (1/1) D:5            Lair (3/6) D:8
  Swamp (0/4) Lair:2          Orc (0/2) D:10
  Snake: Lair:2-4    Spider: Lair:2-4

Altars:
Ashenzari
Cheibriados
Dithmenos
Elyvilon
Fedhas
Gozag
Hepliaklqana
Kikubaaqudgha
Makhleb
Nemelex Xobeh
Okawaru
Qazlal
Ru
Sif Muna
Trog
Uskayaw
Vehumet
Wu Jian
Xom
Yredelemnul
Zin
The Shining One
Beogh

Shops:
D:6 *   D:7 (


Innate Abilities, Weirdness & Mutations

You cannot wear boots.
Your serpentine skin is tough. (AC +3)
You have supernaturally acute eyesight. (SInv)
Armour fits poorly on your strangely shaped body.
Your system is resistant to poisons. (rPois)
You cover ground very slowly.
You have a slow metabolism.
You can spit poison.


Message History

The wolf bites you. The crocodile misses you.
The wolf bites you but does no damage. The wolf bites you but does no damage.
The elephant tramples you but does no damage.
The elephant trunk-slaps you but does no damage.
The wolf barely misses you.
Your surroundings suddenly seem different.
A porcupine comes into view.
Found 2 silvery potions.
Cast which spell? (? or * to list)
A chill wind blows around you. Sif Muna grants you divine energy.
You briefly lose access to your magic!
The porcupine misses you.
You regain access to your magic.
Your ice beast barely misses the porcupine.
The porcupine bites you.
Your ice beast barely misses the porcupine.
Your ice beast closely misses the porcupine.
The porcupine bites you!
You die...

.. .....?....
###.#.........#
.....#........#
...............
...............
...............
...............
... #.@.#
....#.r.##
......Y..##
....#.....#
.....#....##
.... #...## #..
.!...#
..........
...###.##


You could see a porcupine and a friendly ice beast.

Vanquished Creatures
  A hydra (Lair:3)
  2 spiny frogs
  3 komodo dragons
  A bog body (Lair:2)
  4 blink frogs
  A spriggan (D:10)
  9 yaks
  3 water moccasins
  A porcupine (Lair:1)
  3 sky beasts (D:10)
  4 orc warriors
  3 phantoms
  4 ice beasts
  2 wolves (Lair:3)
  2 centaurs (D:8)
  An ogre (D:8)
  3 crocodiles
  6 bullfrogs
  2 big kobolds
  A wyvern zombie (D:10)
  Dowan (D:6)
  2 scorpions
  An electric eel (Lair:2)
  A wight (D:10)
  4 crimson imps
  2 centaur zombies
  A hound (D:9)
  4 jellies
  Crazy Yiuf (D:4)
  A bullfrog skeleton (D:10)
  3 orc priests
  7 orc wizards
  A centaur skeleton (D:6)
  Terence (D:3)
  4 hell rats (Lair:2)
  5 worker ants
  5 ogre zombies (D:10)
  2 gnolls
  7 adders
  3 river rats (Lair:2)
  An adder skeleton (D:4)
  4 dart slugs
  A worm (D:4)
  7 leopard geckos
  19 orcs
  3 giant cockroaches
  9 hobgoblins
  12 jackals
  16 kobolds
  6 quokkas
  3 ball pythons
  8 bats
  4 frilled lizards
  9 goblins
  A goblin zombie (D:10)
  2 jackal skeletons
  2 orc skeletons (D:10)
  8 orc zombies (D:10)
  A quokka skeleton (D:6)
  5 rats
  12 plants (Lair:2)
245 creatures vanquished.

Vanquished Creatures (collateral kills)
  The ghost of hackum the Fighter, a novice OgBe of Trog (D:8)
  A two-headed ogre (D:10)
  Nergalle (Lair:1)
  A spiny frog (Lair:1)
  A troll (D:10)
  A polar bear (Lair:2)
  A bog body (Lair:2)
  5 blink frogs
  A centaur simulacrum (D:10)
  5 yaks
  A basilisk (Lair:2)
  A hungry ghost (D:10)
  Edmund (D:3)
  A warg (D:9)
  A water moccasin (Lair:1)
  Duvessa (D:6)
  A porcupine (Lair:2)
  An orc warrior (D:8)
  2 sky beasts
  A necrophage (D:10)
  7 wolves (Lair:3)
  A centaur (D:4)
  Blork the orc (D:6)
  3 bullfrogs
  A gnoll sergeant (D:8)
  2 scorpions
  A howler monkey (D:9)
  An electric eel (Lair:2)
  2 jellies
  An orc priest (D:9)
  A hound (D:5)
  A centaur skeleton (D:4)
  An orc wizard (D:5)
  2 hell rats (Lair:2)
  A worker ant (D:4)
  3 ogre zombies (D:10)
  5 gnolls
  2 adders
  8 river rats (Lair:2)
  A shadow imp (D:8)
  2 leopard geckos
  11 orcs
  A giant cockroach (D:6)
  4 hobgoblins
  6 jackals
  2 quokkas
  2 bats
  4 frilled lizards
  A goblin skeleton (D:10)
  2 hobgoblin zombies (D:10)
  2 kobolds
  2 orc skeletons (D:10)
  9 orc zombies (D:10)
  A quokka skeleton (D:5)
  A rat (D:2)
124 creatures vanquished.

Vanquished Creatures (others)
  7 wolves (Lair:3)
  A fungus (Lair:2)
  2 plants (Lair:1)
10 creatures vanquished.

Grand Total: 379 creatures vanquished

Notes
Turn   | Place    | Note
-------+----------+-------------------------------------------
     0 | D:1      | Duffy the Naga Summoner began the quest for the Orb.
     0 | D:1      | Reached XP level 1. HP: 15/15 MP: 3/3
   394 | D:1      | Reached XP level 2. HP: 22/22 MP: 5/5
   419 | D:1      | Learned a level 2 spell: Call Imp
  1251 | D:1      | Reached XP level 3. HP: 28/28 MP: 6/6
  2160 | D:2      | Learned a level 3 spell: Call Canine Familiar
  2439 | D:2      | Reached XP level 4. HP: 19/36 MP: 4/8
  2690 | D:2      | Reached skill level 1 in Shields
  2946 | D:2      | Found a faded altar of an unknown god.
  2974 | D:2      | Became a worshipper of Sif Muna the Loreminder
  2974 | D:2      | Reached * piety under Sif Muna
  3664 | D:3      | HP: 1/36 [hobgoblin/+0 spear (3)]
  4223 | D:3      | Reached XP level 5. HP: 42/42 MP: 1/9
  4323 | D:3      | Learned a level 4 spell: Summon Lightning Spire
  4355 | D:3      | Noticed Terence
  4370 | D:3      | Killed Terence
  4370 | D:3      | Reached skill level 5 in Summonings
  4841 | D:4      | Noticed Edmund
  4926 | D:3      | Killed Edmund
  4926 | D:3      | Reached skill level 1 in Polearms
  4926 | D:3      | Reached skill level 1 in Air Magic
  4926 | D:3      | Reached XP level 6. HP: 24/49 MP: 2/11
  5253 | D:4      | Reached ** piety under Sif Muna
  5523 | D:4      | Found a runed translucent door.
  5524 | D:4      | Noticed Crazy Yiuf
  5839 | D:4      | Found a glowing golden altar of the Shining One.
  6045 | D:4      | Killed Crazy Yiuf
  6045 | D:4      | Reached XP level 7. HP: 48/55 MP: 8/13
  6111 | D:5      | Entered Level 5 of the Dungeon
  6136 | D:5      | Learned a level 4 spell: Summon Ice Beast
  6143 | D:5      | Found a staircase to the Ecumenical Temple.
  6154 | Temple   | Entered the Ecumenical Temple
  6918 | D:6      | Reached skill level 1 in Fighting
  7052 | D:6      | Noticed Blork the orc
  7063 | D:6      | Killed Blork the orc
  7121 | D:6      | Noticed Duvessa
  7141 | D:6      | Killed Duvessa
  7145 | D:6      | Noticed Dowan
  7154 | D:6      | Killed Dowan
  7154 | D:6      | Reached skill level 1 in Evocations
  7274 | D:5      | Reached skill level 2 in Fighting
  7636 | D:6      | Reached XP level 8. HP: 63/67 MP: 11/15
  7752 | D:6      | Found Vuasm's Assorted Antiques.
  7776 | D:6      | Bought a viscous cyan potion for 15 gold pieces
  7776 | D:6      | Bought a scroll labeled VEENWO PIEMA for 17 gold pieces
  7776 | D:6      | Bought a silvery potion for 15 gold pieces
  7776 | D:6      | Bought a glowing puce potion for 15 gold pieces
  7776 | D:6      | Bought a blue potion for 15 gold pieces
  7785 | D:6      | Found a shadowy altar of Dithmenos.
  7980 | D:7      | Reached skill level 5 in Spellcasting
  8104 | D:7      | Reached skill level 3 in Fighting
  8266 | D:7      | Noticed a yak
  8273 | D:7      | Noticed a yak
  8275 | D:7      | Noticed a yak
  8277 | D:7      | Killed a yak
  8277 | D:7      | Killed a yak
  8277 | D:7      | Killed a yak
  8279 | D:7      | Noticed a yak
  8280 | D:7      | Noticed a yak
  8283 | D:7      | Killed a yak
  8283 | D:7      | Reached skill level 4 in Fighting
  8283 | D:7      | Reached skill level 5 in Air Magic
  8288 | D:7      | Killed a yak
  8387 | D:7      | Reached XP level 9. HP: 79/79 MP: 11/16
  8413 | D:7      | Found Ugayzxoc's Weapon Shop.
  8945 | D:8      | Found a staircase to the Lair.
  9267 | D:8      | Got a brightly glowing iron ring
  9272 | D:8      | Identified the ring "Raedihej" {rElec Str+4 Dex-2 SInv}
                  | (You found it on level 8 of the Dungeon)
  9570 | D:8      | Learned a level 1 spell: Summon Butterflies
  9868 | D:9      | Noticed hackum's ghost (novice OgBe)
  9872 | D:9      | Reached skill level 5 in Fighting
  9873 | D:9      | Found a runed translucent gate.
  9876 | D:9      | Found a runed translucent gate.
  9881 | D:9      | Reached skill level 5 in Evocations
  9899 | D:8      | Reached *** piety under Sif Muna
 10247 | D:9      | Found a runed translucent gate.
 10252 | D:9      | Found a roughly hewn altar of Beogh.
 11185 | D:9      | Reached XP level 10. HP: 42/88 MP: 3/19
 11441 | D:8      | Killed hackum's ghost
 11686 | D:10     | Entered Level 10 of the Dungeon
 11805 | D:10     | Learned a level 3 spell: Mephitic Cloud
 11838 | D:10     | Reached skill level 1 in Poison Magic
 11975 | D:10     | Found a staircase to the Orcish Mines.
 11978 | D:10     | Reached **** piety under Sif Muna
 13035 | D:10     | Noticed a two-headed ogre
 13074 | D:10     | Killed a two-headed ogre
 13074 | D:10     | Reached skill level 6 in Fighting
 13554 | Lair:1   | Entered Level 1 of the Lair of Beasts
 13794 | Lair:1   | Reached skill level 1 in Invocations
 13796 | Lair:1   | Reached skill level 1 in Ice Magic
 13796 | Lair:1   | Reached XP level 11. HP: 87/99 MP: 15/21
 14564 | Lair:1   | Noticed Nergalle
 14604 | Lair:1   | Killed Nergalle
 14604 | Lair:1   | Reached skill level 7 in Fighting
 16250 | Lair:2   | Found a staircase to the Swamp.
 18235 | Lair:3   | Reached skill level 5 in Dodging
 18293 | Lair:3   | Noticed a seven-headed hydra
 18310 | Lair:3   | Killed a seven-headed hydra
 18317 | Lair:3   | Reached skill level 8 in Fighting
 18317 | Lair:3   | Reached skill level 5 in Invocations
 18348 | Lair:3   | Slain by a porcupine

Levels and vault maps discovered:
D:1:      evilmike_arrival_sounds_zot, layout_basic
D:2:      layout_basic, chequers_ecumenical_altar_simple
D:3:      layout_loops_corners, minmay_misc_feat_columns, minmay_crystal_room,
          uniq_terence
D:4:      layout_rooms, nicolae_tso_carved_into_rock, uniq_edmund,
          uniq_crazy_yiuf_cottage
D:5:      layout_rooms, minmay_temple_entry_glassed_door, first_ration
D:6:      layout_cave_pools, serial_shops, nicolae_shop_waterfront, basic_altar,
          uniq_duvessa, uniq_blork_the_orc
D:7:      layout_basic, serial_shops, shop, minmay_misc_feat_five
D:8:      layout_cave_pods, dpeg_oklobed_lair
D:9:      layout_basic, biasface_ghost_orc_armoury
D:10:     minmay_slanted_spiral_squares, layout_basic, zombieorc2_lemuel,
          the_bakery
Temple:   regret_index_temple_sigil_plot
Lair:1:   layout_cave_pods, wad_woods_road_04, uniq_nergalle
Lair:2:   layout_small_grid, skrybe_swamp_entry_bodies, wad_woods_river_04,
          serial_bayou_pond_b, kennysheep_rathole
Lair:3:   layout_chaotic_city, gammafunk_ghost_necromancy,
          grunt_forest_large_clearings

Skill      XL: |  1  2  3  4  5  6  7  8  9 10 11 |
---------------+----------------------------------+-----
Shields        | 1 2 |  2.4
Spellcasting   | 3 4 5 6 7 |  7.0
Summonings     | 5 6 7 |  7.0
Polearms       | 1 2 |  2.0
Air Magic      | 1 2 3 5 6 7 |  7.0
Fighting       | 2 4 5 6 8 |  8.0
Evocations     | 2 4 6 |  6.0
Poison Magic   | 4 |  4.5
Dodging        | 3 5 |  5.0
Invocations    | 1 5 |  5.1
Ice Magic      | 1 4 |  4.6
Stealth        | |  3.0

Action                   |  1- 3 |  4- 6 |  7- 9 | 10-12 || total
-------------------------+-------+-------+-------+-------++-------
Melee: Short sword       |    90 |    52 |       |       ||   142
       Spear             |       |   130 |    49 |       ||   179
       Dagger            |       |       |   208 |   475 ||   683
 Cast: Call Imp          |     5 |    13 |    15 |       ||    33
       Call Canine Famil |     2 |    19 |    19 |    35 ||    75
       Summon Lightning  |       |       |     6 |    17 ||    23
       Summon Ice Beast  |       |       |     2 |    19 ||    21
       Mephitic Cloud    |       |       |       |     4 ||     4
Invok: Divine Energy     |       |     1 |       |       ||     1
 Abil: Spit Poison       |    26 |    23 |     9 |       ||    58
Evoke: Wand              |       |       |     4 |    12 ||    16
  Use: Scroll            |       |       |     9 |     7 ||    16
 Stab: Sleeping          |     1 |     5 |       |     2 ||     8
       Distracted        |       |     2 |     3 |     4 ||     9
       Confused          |       |       |       |     1 ||     1
  Eat: Chunk             |     5 |    10 |    14 |    10 ||    39
       Ration            |       |     1 |     1 |     3 ||     5
Armor: Robe              |    24 |    40 |    16 |       ||    80
       Leather armour    |       |       |    85 |    86 ||   171
       Ring mail         |       |       |       |    58 ||    58
Dodge: Dodged            |    60 |    84 |   116 |   176 ||   436
Block: Buckler           |     8 |    34 |    60 |    48 ||   150

Table legend:
 A = Non-vault XP
 B = Vault XP
 C = Vault XP percentage of total XP
 D = Non-vault monster count
 E = Vault monster count
 F = Vault count percentage of total count
                 A         B        C        D         E       F
            +---------+---------+-------+---------+---------+-------
      Total |   10694 |    6493 |  37.8 |     259 |     100 |  27.9
            +---------+---------+-------+---------+---------+-------
        D:1 |      45 |       0 |   0.0 |      24 |       0 |   0.0
        D:2 |      52 |       0 |   0.0 |      29 |       0 |   0.0
        D:3 |      95 |     119 |  55.6 |      28 |       2 |   6.7
        D:4 |     296 |      25 |   7.8 |      26 |       1 |   3.7
        D:5 |     150 |       0 |   0.0 |      14 |       0 |   0.0
        D:6 |     330 |     206 |  38.4 |      11 |       3 |  21.4
        D:7 |    1207 |       0 |   0.0 |      29 |       0 |   0.0
        D:8 |     935 |     584 |  38.4 |      20 |       3 |  13.0
        D:9 |     727 |     495 |  40.5 |      24 |      10 |  29.4
       D:10 |    1044 |    2167 |  67.5 |      13 |      49 |  79.0
     Lair:1 |    3212 |     422 |  11.6 |      20 |       1 |   4.8
     Lair:2 |    2498 |    1059 |  29.8 |      20 |      19 |  48.7
     Lair:3 |     103 |    1416 |  93.2 |       1 |      12 |  92.3
            +---------+---------+-------+---------+---------+-------
